 Dungeon Crawl Stone Soup version 0.24.0-13-gcf9b319 (webtiles) character file.

Game seed: 14846939831669970949, levelgen mode: deterministic

737 Fang the Covered (level 7, -2/44 HPs)
             Began as a Gargoyle Fighter on Dec 17, 2019.
             Was an Initiate of Trog.
             Slain by a slave (3 damage)
             ... led by Pikel
             ... on level 5 of the Dungeon.
             The game lasted 00:05:54 (4262 turns).

Fang the Covered (Gargoyle Fighter)                 Turns: 4262, Time: 00:05:55

Health: -2/44      AC: 16    Str: 27    XL:     7   Next: 74%
Magic:  7/7        EV:  6    Int:  8    God:    Trog [......]
Gold:   172        SH: 11    Dex:  9    Spells: 6/6 levels left

rFire    . . .     SeeInvis .   a - +0 war axe
rCold    . . .     Gourm    .   B - +1 shield
rNeg     + . .     Faith    .   b - +0 chain mail
rPois    ∞         Spirit   .   s - +2 hat
rElec    +         Reflect  .   (no cloak)
rCorr    .         Harm     .   (no gloves)
MR       +....                  (no boots)
Stlth    ..........             (no amulet)
HPRegen  0.14/turn              l - ring of protection from magic
MPRegen  0.10/turn              (no ring)

@: mighty
A: negative energy resistance 1, electricity resistance, unbreathing,
petrification resistance, rot immunity, AC +4
a: Renounce Religion


You were on level 5 of the Dungeon.
You worshipped Trog.
Trog was noncommittal.
You were not hungry.

You visited 2 branches of the dungeon, and saw 6 of its levels.

You collected 172 gold pieces.

Inventory:

Hand Weapons
 a - a +0 war axe (weapon)
Armour
 b - a +0 chain mail (worn)
 s - a +2 hat (worn)
 B - a +1 shield (worn)
Jewellery
 l - a ring of protection from magic (left hand)
 t - an uncursed ring of resist corrosion {unknown}
Wands
 j - a wand of paralysis (7)
Scrolls
 d - a scroll of identify {unknown}
 e - 2 scrolls of enchant armour
 i - 2 scrolls of fear
 n - a scroll of fog
 q - a scroll of remove curse {unknown}
Potions
 g - 3 potions of lignification {unknown}
 h - 2 potions of curing {unknown}
 k - a potion of degeneration {unknown}
 m - 2 potions of agility {unknown}
 o - a potion of mutation {unknown}
 p - 2 potions of heal wounds {unknown}
 r - 2 potions of brilliance {unknown}
Comestibles
 c - 11 rations


   Skills:
 + Level 5.6 Fighting
 + Level 4.0 Axes
 + Level 5.6 Armour
 + Level 5.5 Shields


You had 6 spell levels left.
You didn't know any spells.
Your spell library was empty.

Dungeon Overview and Level Annotations

Branches:
Dungeon (5/15)             Temple (1/1) D:5

Altars:
Ashenzari
Cheibriados
Dithmenos
Fedhas
Gozag
Hepliaklqana
Kikubaaqudgha
Makhleb
Nemelex Xobeh
Okawaru
Qazlal
Ru
Sif Muna
Trog
Uskayaw
Vehumet
Wu Jian
Xom
Yredelemnul
Zin
The Shining One

Annotations:
D:3 2 transporters, Vahrane's ghost, amateur DrTm
D:5 Pikel


Innate Abilities, Weirdness & Mutations

You are resistant to torment.
Your stone body is resilient. (AC +4)
You are immune to poison.
You resist negative energy. (rN+)
You are resistant to electric shocks. (rElec)
You can survive without breathing.
You are immune to petrification.
You are immune to rotting.


Message History

* * * LOW HITPOINT WARNING * * *
Pikel hits you but does no damage. The slave hits you but does no damage.
The slave hits you.
* * * LOW HITPOINT WARNING * * *
The slave hits you.
* * * LOW HITPOINT WARNING * * *
Pikel hits you but does no damage.
You slash Pikel!
Pikel is heavily wounded.
You hit the slave.
Your shield and chain mail prevent you from hitting the slave.
You barely miss the slave. You block the slave's attack. x2
The slave barely misses you. Pikel completely misses you.
The slave hits you but does no damage. The slave hits you.
* * * LOW HITPOINT WARNING * * *
You slash Pikel!
Pikel is severely wounded.
You closely miss the slave. You slash the slave! You closely miss the slave.
The slave hits you.
You die...

## .# #######
.# ....... .#
.......#.##
.......p..#####
.>..[.pK#.>....
......p@p.#
......!#.##
.......#.#
########.# #.#
#.# #.# #.# #.#


You could see Pikel and 4 slaves.

Vanquished Creatures
  A phantom (D:5)
  An ogre (D:4)
  A gnoll sergeant (D:3)
  A howler monkey (D:4)
  A crimson imp (D:5)
  3 orc priests
  3 hounds
  An orc wizard (D:4)
  An iguana (D:4)
  4 adders
  7 gnolls
  2 worms (D:3)
  2 dart slugs
  4 leopard geckos
  10 orcs
  5 giant cockroaches
  10 hobgoblins
  3 jackals (D:2)
  2 quokkas
  5 bats
  8 frilled lizards
  4 goblins
  10 kobolds
  A quokka skeleton (D:4)
  7 rats
97 creatures vanquished.

Notes
Turn   | Place    | Note
-------+----------+-------------------------------------------
     0 | D:1      | Fang the Gargoyle Fighter began the quest for the Orb.
     0 | D:1      | Reached XP level 1. HP: 14/14 MP: 1/1
    94 | D:1      | Reached XP level 2. HP: 19/19 MP: 2/2
   776 | D:2      | Reached XP level 3. HP: 23/23 MP: 3/3
   902 | D:2      | Reached XP level 4. HP: 22/29 MP: 4/4
  1741 | D:3      | Reached XP level 5. HP: 30/33 MP: 5/5
  1778 | D:3      | Found a transporter.
  1788 | D:3      | Found a transporter.
  1794 | D:3      | Noticed Vahrane's ghost (amateur DrTm)
  2149 | D:3      | Reached XP level 6. HP: 14/39 MP: 6/6
  2847 | D:4      | HP: 1/40 [iguana (9)]
  2848 | D:4      | Reached skill level 5 in Fighting
  2848 | D:4      | Reached skill level 5 in Armour
  2848 | D:4      | Reached skill level 5 in Shields
  2913 | D:4      | Reached XP level 7. HP: 7/44 MP: 7/7
  3532 | D:5      | Entered Level 5 of the Dungeon
  3532 | D:5      | Found a sparkling altar of Nemelex Xobeh.
  3554 | D:5      | Found a staircase to the Ecumenical Temple.
  3572 | Temple   | Entered the Ecumenical Temple
  3748 | Temple   | Became a worshipper of Trog the Wrathful
  4252 | D:5      | Noticed Pikel
  4261 | D:5      | HP: 1/44 [slave[Pikel] (2)]
  4262 | D:5      | Slain by a slave

Levels and vault maps discovered:
D:1:      lemuel_arrival_river_ford, layout_loops_ring, minmay_misc_feat_tower,
          hangedman_decor_growths
D:2:      layout_loops_ring
D:3:      layout_basic, gammafunk_ghost_stat_death
D:4:      layout_rooms, first_ration
D:5:      layout_loops_ring, minmay_temple_entry_glass, basic_altar,
          water_boxes_lemuel, uniq_pikel
Temple:   roderic_octagonal_lattice_temple

Skill      XL: |  1  2  3  4  5  6  7 |
---------------+----------------------+-----
Axes           | 2 3 4 |  4.0
Armour         | 4 5 |  5.6
Fighting       | 4 5 |  5.6
Shields        | 4 5 |  5.5

Action                   |  1- 3 |  4- 6 |  7- 9 || total
-------------------------+-------+-------+-------++-------
Melee: War axe           |    70 |   202 |   135 ||   407
  Use: Scroll            |       |     4 |     1 ||     5
       Potion            |       |     1 |     1 ||     2
  Eat: Chunk             |       |     7 |     5 ||    12
Armor: Scale mail        |    45 |    97 |     5 ||   147
       Chain mail        |       |       |    76 ||    76
Dodge: Dodged            |    29 |    66 |    40 ||   135
Block: Shield            |    42 |   125 |    88 ||   255
